 Dungeon Crawl Stone Soup version 0.31-a0-1612-g4aaf141004 (webtiles) character file.

Game seed: 10393233636959005872

6591 case the Destroyer (level 11, -1/68 HPs)
             Began as a Human Hedge Wizard on Jan 9, 2024.
             Was an Elder of Vehumet.
             Slain by a warg (15 damage)
             ... led by an orc knight
             ... on level 9 of the Dungeon.
             The game lasted 00:52:48 (8446 turns).

case the Destroyer (Human Hedge Wizard)             Turns: 8446, Time: 00:52:49

Health: -1/68      AC:  7    Str: 10    XL:     11   Next: 2%
Magic:  8/21       EV: 12    Int: 20    God:    Vehumet [****..]
Gold:   651        SH:  0    Dex: 12    Spells: 8/23 levels left

rFire   + . .        x - staff of alchemy
rCold   + . .        (no shield)
rNeg    . . .        L - +2 robe {rC+ rF+}
rPois   +            c - +0 hat
rElec   .            u - +0 cloak
rCorr   .            K - +0 pair of gloves
SInv    .            z - +0 pair of boots
Will    .....        p - amulet of magic regeneration
Stlth   ++           (no ring)
HPRegen 0.31/turn    (no ring)
MPRegen 0.57/turn

%: no passive effects
@: no status effects
A: explore regen
a: Renounce Religion


You were on level 9 of the Dungeon.
You worshipped Vehumet.
Vehumet was greatly pleased with you.
You visited 2 branches of the dungeon, and saw 10 of its levels.
You also visited: Bailey.

You collected 651 gold pieces.

Inventory:

Hand Weapons
 b - a +0 dagger of electrocution
 o - a +2 rapier of protection
 H - a +0 war axe of flaming
Missiles
 O - 2 throwing nets
Armour
 c - a +0 hat (worn)
 u - a +0 cloak (worn)
 z - a +0 pair of boots (worn)
 I - +0 steam dragon scales
 J - a scarf of invisibility
 K - a +0 pair of gloves (worn)
 L - a +2 robe of resistance (worn)
Magical Staves
 x - a staff of alchemy (weapon)
Jewellery
 p - an amulet of magic regeneration (around neck)
 C - an amulet of faith
 M - a ring of ice
 N - the amulet "Evunt" {Spirit Int+3}
   (You found it in a bailey)

   [amulet of guardian spirit]

   Spirit:    It causes incoming damage to be divided between your reserves of
   health and magic.
   Int+3:     It affects your intelligence (+3).
Wands
 a - a wand of flame (36)
 y - a wand of acid (4)
 A - a wand of paralysis (8)
Scrolls
 g - a scroll of noise
 h - a scroll of torment {unknown}
 j - 2 scrolls of teleportation {unknown}
 k - a scroll of fog {unknown}
 r - 2 scrolls of identify
 s - 2 scrolls of vulnerability
 B - a scroll of enchant weapon
 D - a scroll of butterflies
 E - 2 scrolls of enchant armour {unknown}
 F - a scroll of immolation {unknown}
Potions
 d - a potion of magic
 e - 2 potions of mutation
 f - 3 potions of enlightenment
 i - 4 potions of curing
 l - 3 potions of might
 m - 2 potions of resistance
 n - a potion of berserk rage {unknown}
 q - a potion of cancellation {unknown}
 t - 3 potions of haste {unknown}
 v - a potion of attraction {unknown}
 w - a potion of degeneration {unknown}


   Skills:
 - Level 0.1 Fighting
 - Level 2.0 Dodging
 - Level 2.0 Stealth
 * Level 6.7 Spellcasting
 * Level 12.0 Conjurations
 - Level 1.3 Summonings
 - Level 1.0 Translocations
 - Level 3.1 Air Magic
 * Level 7.1 Earth Magic
 - Level 3.1 Alchemy
 - Level 2.0 Evocations


You had 8 spell levels left.
You knew the following spells:

 Your Spells              Type           Power      Damage    Failure   Level
a - Magic Dart            Conj           100%       1d8       1%          1
b - Call Imp              Summ           24%        N/A       9%          2
c - Mephitic Cloud        Conj/Alch/Air  46%        N/A       1%          3
d - Stone Arrow           Conj/Erth      90%        3d12      1%          3
e - Shock                 Conj/Air       100%       1d9       1%          1
f - Foxfire               Conj/Fire      100%       2x1d9     1%          1
g - Brom's Barrelling Bo  Conj/Erth      45%        2d6       1%          4

Your spell library contained the following spells:

 Spells                   Type           Power      Damage    Failure   Level
 Lee's Rapid Deconstruct  Erth           17%        3d11*     4%          5
 Cigotuvi's Dreadful Rot  Necr/Alch/Air  44%        N/A       6%          2
 Slow                     Hex            24%        N/A       10%         1
 Blink                    Tloc           20%        N/A       10%         2
 Animate Armour           Summ/Erth      46%        N/A       17%         4
 Gell's Gravitas          Tloc           10%        N/A       19%         3
 Teleport Other           Tloc           10%        N/A       19%         3
 Ozocubu's Armour         Ice            6%         N/A       28%         3
 Summon Lightning Spire   Summ/Air       15%        N/A       36%         4
 Metabolic Englaciation   Hex/Ice        3%         N/A       95%         5
 Lehudib's Crystal Spear  Conj/Erth      22%        10d6      95%         8
 Dispersal                Tloc           5%         N/A       100%        6
 Sculpt Simulacrum        Ice/Alch       9%         N/A       100%        6


Dungeon Overview and Level Annotations

Branches:
Dungeon (9/15)             Temple (1/1) D:4            Lair (0/5) D:9
 Bailey (visited)
    Orc: D:9-12

Altars:
Ashenzari
Cheibriados
Dithmenos
Elyvilon
Fedhas
Gozag
Hepliaklqana
Kikubaaqudgha
Makhleb
Nemelex Xobeh
Okawaru
Qazlal
Ru
Sif Muna
Trog
Uskayaw
Vehumet
Wu Jian
Xom
Yredelemnul
Zin
The Shining One

Shops:
D:3 (

Annotations:
D:4 1 runed translucent door, sigtrap's ghost, amateur DjHW
D:9 3 runed translucent doors, lucidstorm14's ghost, novice MiBe


Innate Abilities, Weirdness & Mutations

You regain HP and MP as you explore.


Message History

The centaur warrior is engulfed in noxious fumes.
The centaur warrior hits the orc warrior!
The centaur warrior kicks the orc warrior but does no damage.
The warg bites your boulder!!
Your boulder is destroyed!
The centaur warrior is engulfed in noxious fumes.
The centaur warrior appears confused.
Something hits the centaur warrior but does no damage.
Casting: Brom's Barrelling Boulder (dangerous; 1% risk of failure)
Confirm with . or Enter, or press ? or * to list all spells.
You can't see any susceptible monsters within range! (Use Z to cast anyway.)
Casting: Brom's Barrelling Boulder (dangerous; 1% risk of failure)
Confirm with . or Enter, or press ? or * to list all spells.
You can't see any susceptible monsters within range! (Use Z to cast anyway.)
Casting: Brom's Barrelling Boulder (dangerous; 1% risk of failure)
Confirm with . or Enter, or press ? or * to list all spells.
A tiny devil pulls itself out of the air.
The warg barely misses you. x2
Your cerulean imp hits the warg but does no damage.
The warg barely misses you.
Your cerulean imp hits the warg but does no damage.
Your cerulean imp hits the warg but does no damage.
The warg barely misses you.
Your cerulean imp closely misses the warg.
Casting: Call Imp (safe; 9% risk of failure)
Confirm with . or Enter, or press ? or * to list all spells.
A tiny devil pulls itself out of the air.
Your cerulean imp disappears in a puff of smoke!
The warg bites you!
Your cerulean imp hits the warg but does no damage.
The warg bites you!!
* * * LOW HITPOINT WARNING * * *
The air fills with toxic fumes!
As you read the scroll of poison, it crumbles to dust.
The warg bites you!
* * * LOW HITPOINT WARNING * * *
Your cerulean imp misses the warg.
Your cerulean imp barely misses the warg.
You feel better. The warg bites you!
You die...

.......###.#..#..#.....#..#.##.#
................(.........#....#
..#####################...#....#
#.###.....###..§.§#...#...#....#
..##.......####§#§.##.#...#....#
..#...###...#..§§§##†##...'....#
#.#).## ##..##.#§##...#.###....#
#....# #.†...#§#..#.#.# #....#
.[#..## ##..####@##.###.# #....#
.)#...###...#.#§h§§§§§#.# #.#..#
).##.......##§§.###§§##.# #.#..#
..###.....###§#5....#§#.# #....#
..# ####### #####.#####.# #....#
..# #....§....#.# .# # ..#
#{#######.#. .##.# #.# #.#
#.###)...# ..# #.# #....))..#


You could see a warg (ally target) and a friendly cerulean imp (summoned).

Vanquished Creatures
  A two-headed ogre (D:9)
  2 orc knights (Bailey)
  Maggie (D:6)
  A hornet (D:9)
  Sigmund (D:6)
  2 wraiths (D:9)
  2 wyverns (D:9)
  A yak (D:9)
  6 orc warriors
  A sky beast (D:8)
  2 ice beasts
  A black bear (D:8)
  An ogre (D:5)
  2 centaurs
  A phantom (D:6)
  8 kobold brigands
  2 bullfrogs
  A gnoll sergeant (D:9)
  3 scorpions
  9 wights (D:9)
  A water moccasin zombie (D:3)
  7 hounds
  A jelly (D:6)
  2 gnoll boudas (D:7)
  3 orc priests (D:6)
  3 iguanas
  9 orc wizards
  4 adders
  14 gnolls
  A river rat (D:5)
  3 shadow imps
  2 ufetubi (D:4)
  An adder skeleton (D:3)
  A ribbon worm (D:5)
  2 dart slugs
  12 orcs
  5 endoplasms
  5 giant cockroaches
  15 goblins
  2 hobgoblins
  26 kobolds
  6 quokkas
  7 ball pythons
  A ball python skeleton (D:3)
  A bat (D:1)
  4 frilled lizards
  A jackal skeleton (D:3)
  8 rats
195 creatures vanquished.

Vanquished Creatures (collateral kills)
  A phantom (D:4)
  A kobold brigand (D:7)
  An adder (D:2)
  A dart slug (D:1)
  A ribbon worm (D:2)
  2 endoplasms
  A goblin (D:1)
  A hobgoblin (D:1)
  A quokka (D:1)
  A ball python skeleton (D:3)
  A ball python zombie (D:3)
  A frilled lizard (D:3)
  A kobold (Bailey)
14 creatures vanquished.

Vanquished Creatures (others)
  A boulder (D:9)
  140 foxfires
141 creatures vanquished.

Grand Total: 350 creatures vanquished

Notes
Turn   | Place    | Note
-------+----------+-------------------------------------------
     0 | D:1      | case the Human Hedge Wizard began the quest for the Orb.
     0 | D:1      | Reached XP level 1. HP: 13/13 MP: 4/4
   283 | D:1      | Reached XP level 2. HP: 19/19 MP: 0/6
   530 | D:1      | Learned a level 2 spell: Call Imp
   759 | D:1      | Reached XP level 3. HP: 20/24 MP: 5/8
   882 | D:1      | Found a faded altar of an unknown god.
  1519 | D:2      | Learned a level 3 spell: Mephitic Cloud
  1834 | D:2      | Reached XP level 4. HP: 30/30 MP: 10/10
  2335 | D:3      | Learned a level 3 spell: Stone Arrow
  2471 | D:3      | You fall into a shaft and drop 2 floors!
  2471 | D:5      | Entered Level 5 of the Dungeon
  2497 | D:4      | Reached skill level 2 in Conjurations
  2509 | D:4      | Found a staircase to the Ecumenical Temple.
  2530 | Temple   | Entered the Ecumenical Temple
  2607 | Temple   | Became a worshipper of Vehumet
  2734 | D:4      | Noticed a phantom
  2829 | D:3      | Reached skill level 1 in Earth Magic
  2829 | D:3      | Reached XP level 5. HP: 35/35 MP: 11/11
  2963 | D:3      | Found Bithracva's Weapon Boutique.
  3223 | D:4      | Reached skill level 1 in Alchemy
  3230 | D:4      | Reached skill level 3 in Conjurations
  3230 | D:4      | Reached skill level 1 in Air Magic
  3240 | D:4      | Reached XP level 6. HP: 32/41 MP: 9/12
  3904 | D:4      | Found a runed translucent door.
  3904 | D:4      | Noticed sigtrap's ghost (amateur DjHW)
  4445 | D:5      | Noticed an ice beast
  4457 | D:4      | Reached skill level 4 in Conjurations
  4522 | D:5      | Reached XP level 7. HP: 46/46 MP: 6/13
  4625 | D:5      | Found an iron altar of Okawaru.
  4667 | D:6      | Reached * piety under Vehumet
  4667 | D:6      | Offered knowledge of Shock by Vehumet.
  4670 | D:6      | Learned a level 1 spell: Shock
  4741 | D:6      | Noticed Sigmund
  4847 | D:5      | Reached skill level 5 in Conjurations
  4962 | D:5      | Reached XP level 8. HP: 49/52 MP: 3/14
  5324 | D:6      | Reached skill level 6 in Conjurations
  5559 | D:6      | Killed Sigmund
  5560 | D:6      | Reached skill level 7 in Conjurations
  5623 | D:6      | Noticed Maggie
  5639 | D:6      | Killed Maggie
  5809 | D:6      | Reached XP level 9. HP: 46/57 MP: 9/15
  6039 | D:6      | Reached skill level 8 in Conjurations
  6062 | D:6      | Reached skill level 1 in Evocations
  6236 | D:7      | Offered knowledge of Foxfire by Vehumet.
  6239 | D:7      | Learned a level 1 spell: Foxfire
  6265 | D:7      | Reached ** piety under Vehumet
  6373 | D:7      | Reached skill level 5 in Earth Magic
  6886 | D:8      | Reached skill level 9 in Conjurations
  7459 | D:9      | Offered knowledge of Dazzling Flash by Vehumet.
  7502 | D:9      | Found a staircase to the Lair.
  7523 | D:9      | Reached skill level 10 in Conjurations
  7550 | D:9      | Found a runed translucent gate.
  7550 | D:9      | Found a runed translucent gate.
  7553 | D:9      | Found a runed translucent gate.
  7553 | D:9      | Noticed lucidstorm14's ghost (novice MiBe)
  7723 | D:9      | Reached XP level 10. HP: 63/63 MP: 8/16
  7837 | D:9      | Found a flagged portal.
  7840 | D:9      | Reached *** piety under Vehumet
  7868 | Bailey   | Entered a bailey
  7914 | Bailey   | Offered knowledge of Brom's Barrelling Boulder by Vehumet.
  7931 | Bailey   | Learned a level 4 spell: Brom's Barrelling Boulder
  7959 | Bailey   | Noticed an orc knight
  7961 | Bailey   | Noticed an orc knight
  7971 | Bailey   | Reached skill level 5 in Spellcasting
  7971 | Bailey   | Reached skill level 11 in Conjurations
  8001 | Bailey   | Killed an orc knight
  8040 | Bailey   | Killed an orc knight
  8054 | Bailey   | Found an iron altar of Okawaru.
  8060 | Bailey   | Identified the amulet "Evunt" {Spirit Int+3}
  8325 | D:9      | Noticed a two-headed ogre
  8342 | D:9      | Killed a two-headed ogre
  8408 | D:9      | Reached skill level 12 in Conjurations
  8416 | D:9      | Reached **** piety under Vehumet
  8417 | D:9      | Reached XP level 11. HP: 46/68 MP: 12/21
  8422 | D:9      | Noticed a centaur warrior
  8446 | D:9      | Slain by a warg

Illustrated notes

Levels and vault maps discovered:
D:1:      nzn_arrival_settlement, layout_basic,
          hellmonk_ecumenical_altar_prayer_group, serial_corexii_hall,
          corexii_hall_statues_x, corexii_hall_statues_i, grunt_decor_cap,
          minmay_heptomino_w4
D:2:      layout_loops_ring
D:3:      layout_basic, serial_undead, serial_undead_a, serial_undead_b,
          serial_undead_c, serial_undead_e, serial_shops,
          nicolae_shop_just_a_little_nook
D:4:      layout_layer_cave, minmay_temple_entry_water_ring,
          gammafunk_ghost_grave
D:5:      layout_rooms, okawaru_ov_weapons_minmay, gup_sewer_entry_spiral,
          minmay_gold_behind_fungi
D:6:      layout_loops_cross, uniq_maggie, uniq_sigmund
D:7:      layout_cave_pools
D:8:      layout_rooms, chequers_avenue
D:9:      layout_stronghold, lair_entry_dummy, ebering_ghost_rock_garden,
          enter_bailey_3, minmay_the_grid_2x2 [minmay_the_grid_outer_circle,
          minmay_the_grid_mess, minmay_the_grid_armoury,
          minmay_the_grid_prize_trominoes]
Temple:   mainiacjoe_temple_trianglar_array

Skill      XL: |  1  2  3  4  5  6  7  8  9 10 |
---------------+-------------------------------+-----
Spellcasting   | 4 6 |  6.7
Conjurations   | 2 3 4 5 7 10 12 | 12.0
Earth Magic    | 1 2 3 4 5 7 |  7.1
Alchemy        | 1 2 3 |  3.1
Air Magic      | 1 2 3 |  3.1
Evocations     | 2 |  2.0
Fighting       | |  0.1
Dodging        | |  2.0
Stealth        | |  2.0
Summonings     | |  1.3
Translocations | |  1.0

Action                     |  1- 3 |  4- 6 |  7- 9 | 10-12 || total
---------------------------+-------+-------+-------+-------++-------
  Melee: Dagger            |    49 |       |     4 |       ||    53
         Punch             |     1 |     3 |     1 |       ||     5
         Rapier            |    29 |    97 |    12 |       ||   138
         Staff             |       |     9 |     5 |       ||    14
   Cast: Magic Dart        |    51 |    41 |   107 |     8 ||   207
         Call Imp          |     7 |    10 |    10 |     3 ||    30
         Stone Arrow       |       |     9 |    88 |    34 ||   131
         Mephitic Cloud    |       |       |    24 |    10 ||    34
         Foxfire           |       |       |    27 |    54 ||    81
         Brom's Barrelling |       |       |       |     4 ||     4
    Use: Scroll            |     1 |     1 |     8 |     1 ||    11
         Potion            |       |       |     3 |     1 ||     4
   Stab: Sleeping          |     5 |     5 |       |       ||    10
         Confused          |       |       |     1 |       ||     1
 Armour: Robe              |    64 |   104 |    65 |    16 ||   249
         Steam dragon scal |       |       |    18 |       ||    18
  Dodge: Dodged            |    47 |   136 |    60 |    13 ||   256

Table legend: (Time is in decaauts)
 A = Elapsed time spent in this place.
 B = Non-inter-level travel time spent in this place.
 C = Inter-level travel time spent in this place.
 D = Time resting spent in this place.
 E = Time spent auto-exploring this place.
 F = Levels seen in this place.
 G = Mean time per level.
                   A        B        C        D        E       F      G
               +--------+--------+--------+--------+--------+-----+--------+
         Total |   8517 |   8300 |    217 |    107 |   5917 |  11 |  774.3 |
       Dungeon |   8210 |   8008 |    202 |    107 |   5917 |   9 |  912.2 |
        Temple |     93 |     78 |     15 |      0 |      0 |   1 |   93.0 |
        Bailey |    212 |    212 |      0 |      0 |      0 |   1 |  212.0 |
               +--------+--------+--------+--------+--------+-----+--------+

Top non-repeatable levels by time:
     D:4: 1442 daAuts
     D:1: 1226 daAuts
     D:6: 1061 daAuts
     D:2: 892 daAuts
     D:3: 817 daAuts
     D:5: 763 daAuts
     D:9: 752 daAuts
     D:7: 693 daAuts
     D:8: 562 daAuts
  Bailey: 212 daAuts
  Temple: 93 daAuts
